 Dungeon Crawl Stone Soup version 0.31-a0-986-g5e6e4ef867 (webtiles) character file.

Game seed: 9344270474571074641

36 Fodor the Covered (level 3, -2/34 HPs)
             Began as a Minotaur Fighter on Nov 15, 2023.
             Killed from afar by Sigmund (9 damage)
             ... with a puff of flame
             ... on level 2 of the Dungeon.
             The game lasted 00:04:19 (1329 turns).

Fodor the Covered (Minotaur Fighter)                Turns: 1329, Time: 00:04:19

Health: -2/34      AC:  8    Str: 22    XL:     3   Next: 19%
Magic:  2/2        EV:  9    Int:  5    God:
Gold:   59         SH:  4    Dex:  9    Spells: 2/2 levels left

rFire   . . .        a - +0 war axe
rCold   . . .        c - +0 buckler
rNeg    . . .        b - +0 scale mail
rPois   .            (helmet restricted)
rElec   .            (no cloak)
rCorr   .            g - +0 pair of gloves
SInv    .            (no boots)
Will    .....        (no amulet) Stlth
                     (no ring)
HPRegen 0.25/turn    (no ring)
MPRegen 0.08/turn

%: no passive effects
@: no status effects
A: horns 2, retaliatory headbutt
a: no special abilities


You were on level 2 of the Dungeon.
You visited 1 branch of the dungeon, and saw 2 of its levels.

You collected 59 gold pieces.

Inventory:

Hand Weapons
 a - a +0 war axe (weapon)
Armour
 b - a +0 scale mail (worn)
 c - a +0 buckler (worn)
 g - a +0 pair of gloves (worn)
Scrolls
 e - 3 scrolls of teleportation {unknown}
 f - a scroll of poison {unknown}
 h - 3 scrolls of identify {unknown}
Potions
 d - a potion of might


   Skills:
 + Level 4.3 Fighting
 + Level 2.6 Axes
 + Level 4.3 Armour
 + Level 3.9 Shields


You had 2 spell levels left.
You didn't know any spells.
Your spell library contained the following spells:

 Spells                   Type           Power      Damage    Failure   Level
 Slow                     Hex            0%         N/A       86%         1
 Passwall                 Tmut/Erth      0%         N/A       94%         2
 Confusing Touch          Hex            0%         N/A       99%         3
 Sigil of Binding         Hex            0%         N/A       99%         3
 Tukima's Dance           Hex            0%         N/A       99%         3
 Vampiric Draining        Necr           0%         2d6       99%         3
 Dimensional Bullseye     Hex/Tloc       0%         N/A       100%        4
 Iskenderun's Mystic Bla  Conj/Tloc      0%         2d3       100%        4
 Yara's Violent Unravell  Hex/Tmut       0%         3d3       100%        5
 Eringya's Noxious Bog    Tmut/Pois      0%         4d6       100%        6


Dungeon Overview and Level Annotations

Branches:
Dungeon (2/15)

Altars:
Nemelex Xobeh

Annotations:
D:2 Sigmund


Innate Abilities, Weirdness & Mutations

You have a pair of horns on your head.
You reflexively headbutt those who attack you in melee.


Message History

h - 2 scrolls labelled EFFASE SEUC (gained 1)
You see here a dart slug corpse.
Found a scroll labelled EFFASE SEUC.
h - 3 scrolls labelled EFFASE SEUC (gained 1)
Found a stone staircase leading up.
Found 3 gold pieces.
Found a stone staircase leading down.
There is a stone staircase leading down here.
Found 13 gold pieces.
You now have 59 gold pieces (gained 3).
There is a stone staircase leading up here.
A quokka comes into view.
Sigmund the Dreaded comes into view.
He is wielding a +0 scythe and carrying a wand of flame.
Sigmund shouts!
Sigmund gestures at you while chanting. You resist with significant effort.
Sigmund gestures at you while chanting. The magic dart hits you.
Sigmund hits you with a +0 scythe.
You hit Sigmund.
Sigmund is lightly wounded.
Sigmund says, "Your kind have come here before.
I understand now why.
You desire death..."
Sigmund hits you with a +0 scythe!
The quokka bites you but does no damage.
You hit Sigmund.
Sigmund is lightly wounded.
You hit the quokka.
You kill the quokka!
Sigmund hits you with a +0 scythe!
You barely miss Sigmund.
Sigmund is lightly wounded.
Sigmund hits you with a +0 scythe.
* * * LOW HITPOINT WARNING * * *
You hit Sigmund.
Sigmund is heavily wounded.
Sigmund barely misses you.
You slash Sigmund!
Sigmund is almost dead.
Sigmund zaps a wand.
The puff of flame hits you!
You die...
Sigmund begins carving another notch in his scythe.

........#####.####.._..#
.#............# #.....#
##.########### #.....#
#.# #.#.### #.# #.#.##
#.# #....# #.# ###..#
#.####.######## #..#
#.........@@..# ###..#
######.######.# #....#
#.# #.##.# #.#### #.##.#
#....# #. #.##.# ####.#
#.# #.##.# #<# #.#
#.##.# #########
#.###.## #.##.#
........#######.##...#
#.##.#


You could see Sigmund.

Vanquished Creatures
  An adder (D:2)
  A dart slug (D:2)
  3 endoplasms
  2 giant cockroaches (D:1)
  A goblin (D:1)
  2 hobgoblins (D:1)
  5 quokkas
  3 ball pythons
  2 bats (D:1)
  2 kobolds (D:1)
22 creatures vanquished.

Notes
Turn   | Place    | Note
-------+----------+-------------------------------------------
     0 | D:1      | Fodor the Minotaur Fighter began the quest for the Orb.
     0 | D:1      | Reached XP level 1. HP: 19/19 MP: 0/0
   126 | D:1      | Got Pygoukk's Papyrus of Metamorphosis
   489 | D:1      | Reached XP level 2. HP: 27/27 MP: 1/1
  1154 | D:2      | Identified the "Hoborup"
  1162 | D:2      | Reached XP level 3. HP: 32/33 MP: 2/2
  1186 | D:2      | Found a sparkling altar of Nemelex Xobeh.
  1320 | D:2      | Noticed Sigmund
  1329 | D:2      | Killed from afar by Sigmund

Illustrated notes

Levels and vault maps discovered:
D:1:      saegor_arrival_simple_a, layout_basic
D:2:      layout_loops_ring, serial_shops, nicolae_shop_tiny_statue_garden,
          shapermc_ecumenical_altar_rom_forum, basic_altar,
          small_statue_intersection, uniq_sigmund, uniq_natasha

Skill      XL: |  1  2 |
---------------+-------+-----
Armour         | 4 |  4.3
Fighting       | 4 |  4.3
Axes           | |  2.6
Shields        | |  3.9

Action                     || total
---------------------------++-------
  Melee: War axe           ||    45
         Headbutt          ||     4
 Armour: Scale mail        ||    38
  Dodge: Dodged            ||    15
  Block: Buckler           ||    13

Table legend: (Time is in decaauts)
 A = Elapsed time spent in this place.
 B = Non-inter-level travel time spent in this place.
 C = Inter-level travel time spent in this place.
 D = Time resting spent in this place.
 E = Time spent auto-exploring this place.
 F = Levels seen in this place.
 G = Mean time per level.
                   A        B        C        D        E       F      G
               +--------+--------+--------+--------+--------+-----+--------+
         Total |   1347 |   1320 |     27 |    200 |      0 |   2 |  673.5 |
       Dungeon |   1347 |   1320 |     27 |    200 |      0 |   2 |  673.5 |
               +--------+--------+--------+--------+--------+-----+--------+

Top non-repeatable levels by time:
     D:1: 1166 daAuts
     D:2: 181 daAuts
